 Dungeon Crawl Stone Soup version 0.16-a0-4115-ga5ed934 (webtiles) character file.

142 Minkie the Poker (level 5, 20/38 HPs)
             Began as a Merfolk Skald on Mar 1, 2015.
             Was an Initiate of the Shining One (penitent).
             Quit the game on level 2 of the Dungeon.
             The game lasted 00:10:42 (2264 turns).

Minkie the Poker (Merfolk Skald)                    Turns: 2264, Time: 00:10:42

Health: 20/38      AC:  4    Str: 12    XL:     5   Next: 25%
Magic:  7/9        EV: 12    Int: 13    God:    the Shining One [*]
Gold:   129        SH:  0    Dex: 13    Spells: 2 memorised, 4 levels left

rFire  . . .     SeeInvis .     a - +0 spear
rCold  . . .     Clarity  .     b - +0 leather armour
rNeg   . . .     SustAb   .     (no shield)
rPois  .         Gourm    .     (no helmet)
rElec  .         Spirit   .     f - +0 cloak
rCorr  .         Warding  .     (no gloves)
rMut   .         Stasis   .     (no boots)
MR     .....                    (no amulet)
Stlth  +.........               (no ring)
                                (no ring)

@: mildly poisoned (20 -> 18), not resistant to hostile enchantments, very
unstealthy
A: change form in water, swift swim
a: Renounce Religion


You were on level 2 of the Dungeon.
You worshipped the Shining One.
The Shining One was demanding penance.
You were hungry.

You visited 1 branch of the dungeon, and saw 2 of its levels.

You collected 129 gold pieces.

Inventory:

Hand weapons
 a - a +0 spear (weapon)
Missiles
 s - 18 poisoned needles
Armour
 b - a +0 leather armour (worn)
 f - a +0 cloak (worn)
Magical devices
 o - a wand of polymorph (9)
Scrolls
 e - 3 scrolls of recharging {unknown}
 g - a scroll of immolation {unknown}
 i - 2 scrolls of teleportation {unknown}
 k - a scroll of identify {unknown}
 l - a scroll of random uselessness {unknown}
 n - a scroll of enchant weapon {unknown}
 q - 4 scrolls of blinking {unknown}
 r - a scroll of fog {unknown}
Potions
 h - 2 potions of degeneration {unknown}
 p - a potion of curing {unknown}
 t - a potion of magic {unknown}
Books
 c - a book of Battle

   Spells                             Type                      Level
   a - Infusion                       Charms                       1
   b - Shroud of Golubria             Charms/Translocation         2
   c - Song of Slaying                Charms                       2
   d - Spectral Weapon                Hexes/Charms                 3
   e - Regeneration                   Charms/Necromancy            3
Comestibles
 d - 3 bread rations
 j - 2 fruits
 m - a meat ration
 u - a beef jerky


   Skills:
 - Level 2.1 Fighting
 + Level 6.3 Polearms
 - Level 1.1 Armour
 - Level 2.0 Dodging
 - Level 2.0 Spellcasting
 - Level 4.0 Charms
 + Level 0.7 Necromancy


You had 4 spell levels left.
You knew the following spells:

 Your Spells              Type           Power        Failure   Level  Hunger
a - Infusion              Chrm           ##....       8%          1    ##.....
b - Regeneration          Chrm/Necr      #.........   41%         3    ####...


Dungeon Overview and Level Annotations

Branches:
Dungeon (2/15)

Altars:
The Shining One


Message History

You closely miss the gnoll.
The gnoll is moderately wounded.
The gnoll barely misses you.
You barely miss the gnoll.
The gnoll is moderately wounded.
You completely miss the gnoll.
The gnoll is moderately wounded.
You feel sick. The gnoll closely misses you.
You hit the gnoll but do no damage.
The gnoll is moderately wounded.
The gnoll closely misses you.
You puncture the gnoll!
The gnoll is almost dead.
You hit the gnoll.
You kill the gnoll!
Your skin stops crawling.
You feel sick.
Things that are here:
a flail; a club Are you sure you want to abandon this character and quit the game? (Confirm with "yes".)

#.(g..####...##
..##########...##
#.......#.......#
#.......#.#.....#
#.......#.......#
#...%...#.......#
.>##.......#.......#
.......(....#.......#
## #......@###.)##.##
##. ##.#..#)#
##(#...#####..
#.##.#.#
#((.#.))..).#
#.##.#.#
#.#...#####..
###......####.##.##
##)
#.............##.# #.
.##.##....########.#
#) ..........# #.# #.
###.#.....# ##.## ##.


There were no monsters in sight!

Vanquished Creatures
  Robin (D:2)
  2 gnolls (D:2)
  4 adders (D:2)
  2 worms (D:2)
  3 giant geckos
  4 bats
  2 giant cockroaches
  13 goblins
  14 hobgoblins
  3 jackals (D:1)
  A quokka (D:2)
  3 ball pythons
  2 giant newts (D:1)
  5 kobolds
  9 rats
68 creatures vanquished.

Notes
Turn   | Place    | Note
--------------------------------------------------------------
     0 | D:1      | Minkie, the Merfolk Skald, began the quest for the Orb.
     0 | D:1      | Reached XP level 1. HP: 16/16 MP: 3/3
   312 | D:1      | Reached XP level 2. HP: 20/22 MP: 4/4
   529 | D:1      | Reached skill level 1 in Armour
   561 | D:1      | Reached XP level 3. HP: 25/27 MP: 6/6
   827 | D:1      | Reached skill level 4 in Polearms
  1049 | D:2      | Noticed Robin
  1083 | D:2      | Reached XP level 4. HP: 22/33 MP: 7/7
  1094 | D:2      | HP: 1/33 [Robin/falchion (8)]
  1096 | D:2      | Killed Robin
  1096 | D:2      | Reached skill level 5 in Polearms
  1803 | D:2      | Reached skill level 6 in Polearms
  2009 | D:2      | Reached XP level 5. HP: 34/38 MP: 9/9
  2016 | D:2      | Learned a level 3 spell: Regeneration
  2067 | D:2      | Found a glowing golden altar of the Shining One.
  2070 | D:2      | Became a worshipper of the Shining One
  2250 | D:2      | Was placed under penance by the Shining One
  2264 | D:2      | Quit the game

Action                   |  1- 3 |  4- 6 || total
-------------------------+-------+-------++-------
Melee: Spear             |   143 |   136 ||   279
Throw: Throwing net      |     2 |       ||     2
 Cast: Regeneration      |       |     1 ||     1
  Eat: Chunk             |     1 |     3 ||     4
